 Dungeon Crawl Stone Soup version 0.30.0-29-ga12c61a403 (webtiles) character file.

Game seed: 17128417904476220594

3196 seaoflcl the Trooper (level 9, 0/79 HPs)
             Began as a Hill Orc Fighter on June 10, 2023.
             Succumbed to a killer bee's poison
             ... on level 9 of the Dungeon.
             The game lasted 00:08:54 (6430 turns).

seaoflcl the Trooper (Hill Orc Fighter)             Turns: 6430, Time: 00:08:55

Health: 0/79       AC: 17    Str: 25    XL:     9   Next: 96%
Magic:  15/15      EV:  7    Int:  8    God:
Gold:   371        SH:  5    Dex: 10    Spells: 16/16 levels left

rFire   . . .        o - +2 hammer "Ihykibbopto" {heavy, rC+ Str+2}
rCold   + . .        c - +0 buckler
rNeg    . . .        y - +0 plate armour
rPois   .            l - +0 helmet
rElec   .            (no cloak)
rCorr   .            k - +0 pair of gloves
SInv    .            f - +0 pair of boots
Will    .....        (no amulet) Stlth
                     (no ring)
HPRegen 0.33/turn    (no ring)
MPRegen 0.14/turn

%: no passive effects
@: lethally poisoned (0 -> -6)
A: no striking features
a: no special abilities


You were on level 9 of the Dungeon.
You visited 1 branch of the dungeon, and saw 9 of its levels.

You collected 371 gold pieces.

Inventory:

Hand Weapons
 a - a +0 war axe
 o - the +2 hammer "Ihykibbopto" (weapon) {heavy, rC+ Str+2}
   (You found it on level 3 of the Dungeon)

   Str:       It affects your strength (+2).
   rC:        It protects you from cold.
 p - a +1 hammer of holy wrath
 D - a +1 falchion of holy wrath
 E - a +2 flail of protection
Armour
 c - a +0 buckler (worn)
 f - a +0 pair of boots (worn)
 k - a +0 pair of gloves (worn)
 l - a +0 helmet (worn)
 y - a +0 plate armour (worn)
Jewellery
 e - a +6 ring of intelligence
Wands
 u - a wand of iceblast (6)
Scrolls
 h - 2 scrolls of torment
 n - 4 scrolls of blinking
 r - 5 scrolls of vulnerability {unknown}
 t - 2 scrolls of noise {unknown}
 v - 2 scrolls of immolation {unknown}
 x - 2 scrolls of identify
 z - a scroll of acquirement {unknown}
 A - a scroll of fear {unknown}
 B - a scroll of teleportation {unknown}
Potions
 b - a potion of attraction {unknown}
 d - a potion of mutation
 g - a potion of curing
 i - 3 potions of flight
 j - a potion of cancellation
 m - a potion of degeneration {unknown}
 q - 2 potions of brilliance {unknown}
 s - 2 potions of might
 w - a potion of ambrosia {unknown}
 C - a potion of invisibility {unknown}


   Skills:
 + Level 7.5 Fighting
 - Level 6.0(8.2) Axes
 * Level 7.2(8.0) Maces & Flails
 + Level 7.0 Armour
 + Level 6.9 Shields
 + Level 4.0 Spellcasting


You had 16 spell levels left.
You didn't know any spells.
Your spell library contained the following spells:

 Spells                   Type           Power      Damage    Failure   Level
 Kiss of Death            Conj/Necr      4%         2d5       99%         1
 Magic Dart               Conj           4%         1d3       99%         1
 Slow                     Hex            4%         N/A       99%         1
 Call Imp                 Summ           2%         N/A       99%         2
 Lesser Beckoning         Tloc           2%         N/A       99%         2
 Confusing Touch          Hex            1%         N/A       100%        3
 Gell's Gravitas          Tloc           1%         N/A       100%        3
 Mephitic Cloud           Conj/Pois/Air  1%         N/A       100%        3
 Teleport Other           Tloc           1%         N/A       100%        3
 Vampiric Draining        Necr           1%         2d6       100%        3
 Dispel Undead            Necr           1%         3d6       100%        4
 Simulacrum               Ice/Necr       0%         N/A       100%        6
 Ozocubu's Refrigeration  Ice            0%         4d7       100%        7
 Polar Vortex             Ice            0%         N/A       100%        9


Dungeon Overview and Level Annotations

Branches:
Dungeon (9/15)             Temple (0/1) D:5
   Lair: D:8-11         Orc: D:9-12

Altars:
Gozag
Makhleb
Sif Muna
Uskayaw
Zin

Shops:
D:4 *

Annotations:
D:3 1 runed translucent door, Crazy Yiuf


Message History

The killer bee barely misses you.
The killer bee attacks as you move away!
The killer bee stings you but does no damage.
You feel sick. The killer bee stings you. x2
You are more poisoned.
The killer bee poisons you! You block the killer bee's attack. x2
The killer bee stings you but does no damage.
The killer bee attacks as you move away!
The killer bee stings you but does no damage.
You feel very sick.
The killer bee stings you but does no damage.
You block the killer bee's attack.
The queen bee calls on the killer bee to defend it!
The killer bee goes berserk!
You feel very sick.
The killer bee stings you but does no damage.
The killer bee rages.
You block the killer bee's attack.
You feel very sick. You block the killer bee's attack.
The killer bee rages.
The killer bee closely misses you.
The killer bee attacks as you move away!
The killer bee completely misses you.
You feel sick.
The killer bee rages.
The killer bee stings you but does no damage.
The killer bee stings you.
You are more poisoned.
The killer bee poisons you!
You feel very sick. You block the killer bee's attack.
The killer bee completely misses you.
You feel sick. The killer bee closely misses you. The killer bee stings you!
* * * LOW HITPOINT WARNING * * *
There is a stone staircase leading down, spattered with blood here.
You feel sick. The killer bee closely misses you.
The killer bee stings you but does no damage.
The killer bee stings you!
* * * LOW HITPOINT WARNING * * *
You climb downwards.
You die...

#. #. #.
######.
...#...
~~~+...
...#..y###
#...@.#
.$...#...#
... ###.>.
. #..# ..#
... ...
....


You could see a killer bee (berserk).

Vanquished Creatures
  Pikel (D:4)
  Grinder (D:3)
  A shadow (D:7)
  2 ice beasts
  A sky beast (D:5)
  Duvessa (D:4)
  3 black bears
  A centaur (D:6)
  An ogre (D:5)
  2 phantoms
  A bullfrog (D:6)
  2 scorpions (D:5)
  Dowan (D:4)
  2 orc priests (D:7)
  6 hounds
  4 jellies
  2 gnoll boudas (D:7)
  3 iguanas
  3 sleepcaps
  Ijyb (D:3)
  Natasha (thrice) (D:3)
  Terence (D:2)
  3 orc wizards
  Robin (D:3)
  18 gnolls
  9 adders
  2 white imps (D:6)
  An ufetubus (D:5)
  A worm (D:3)
  4 dart slugs
  16 orcs
  3 endoplasms
  4 giant cockroaches
  9 goblins
  8 hobgoblins
  2 jackals (D:3)
  3 quokkas
  6 ball pythons
  4 bats
  A frilled lizard (D:1)
  4 kobolds
  2 rats
144 creatures vanquished.

Notes
Turn   | Place    | Note
-------+----------+-------------------------------------------
     0 | D:1      | seaoflcl the Hill Orc Fighter began the quest for the Orb.
     0 | D:1      | Reached XP level 1. HP: 19/19 MP: 1/1
    79 | D:1      | Reached XP level 2. HP: 22/27 MP: 2/2
   524 | D:2      | Reached XP level 3. HP: 33/33 MP: 3/3
   613 | D:2      | Noticed Terence
   618 | D:2      | Killed Terence
   685 | D:2      | Reached XP level 4. HP: 33/40 MP: 3/5
  1156 | D:3      | Noticed Natasha
  1161 | D:3      | Killed Natasha
  1162 | D:3      | Reached skill level 1 in Spellcasting
  1197 | D:3      | Noticed Robin
  1197 | D:3      | Noticed Ijyb
  1205 | D:3      | Reached XP level 5. HP: 38/46 MP: 6/6
  1227 | D:3      | Killed Ijyb
  1238 | D:3      | Killed Robin
  1470 | D:3      | Noticed a black bear
  1478 | D:3      | Killed a black bear
  1479 | D:3      | Reached skill level 5 in Axes
  1479 | D:3      | Reached XP level 6. HP: 45/53 MP: 6/8
  1674 | D:3      | Noticed Grinder
  1674 | D:3      | Paralysed by Grinder for 4 turns
  1689 | D:3      | Killed Grinder
  1690 | D:3      | Reached XP level 7. HP: 36/60 MP: 9/9
  1720 | D:3      | Identified the +2 hammer "Ihykibbopto" {heavy, rC+ Str+2}
  1773 | D:3      | Found a runed translucent door.
  1774 | D:3      | Noticed Crazy Yiuf
  1790 | D:3      | Noticed Natasha
  1794 | D:3      | Killed Natasha
  1815 | D:3      | Noticed Natasha
  1820 | D:3      | Killed Natasha
  1821 | D:3      | Reached skill level 5 in Fighting
  2012 | D:4      | Noticed Pikel
  2020 | D:4      | Killed Pikel
  2021 | D:4      | Reached skill level 5 in Armour
  2021 | D:4      | Reached skill level 5 in Shields
  2021 | D:4      | Reached XP level 8. HP: 46/69 MP: 9/11
  2439 | D:4      | Found Yjowoy's General Store.
  2704 | D:4      | Found an opulent altar of Gozag.
  2705 | D:4      | Noticed Duvessa
  2705 | D:4      | Noticed Dowan
  2723 | D:4      | Killed Duvessa
  2930 | D:4      | Killed Dowan
  3028 | D:4      | Found a hide-covered altar of Uskayaw.
  3234 | D:5      | Entered Level 5 of the Dungeon
  3258 | D:5      | Found a glowing silver altar of Zin.
  3258 | D:5      | Found a burning altar of Makhleb.
  3259 | D:5      | Noticed a balrug
  3259 | D:5      | Noticed an angel
  3288 | D:5      | Found a staircase to the Ecumenical Temple.
  3791 | D:5      | Reached skill level 5 in Maces & Flails
  3899 | D:5      | Reached XP level 9. HP: 75/78 MP: 13/13
  6229 | D:7      | Found a shimmering blue altar of Sif Muna.
  6414 | D:8      | Noticed a queen bee
  6429 | D:8      | HP: 2/79 [killer bee (10)]
  6430 | D:9      | Found a runed translucent door.
  6430 | D:9      | Succumbed to a killer bee's poison

Illustrated notes

Levels and vault maps discovered:
D:1:      saegor_arrival_miasma, layout_basic
D:2:      layout_rooms, minmay_pentomino_u2, uniq_terence
D:3:      layout_rooms, corexii_hall_statues_x, nicolae_goblin_pals,
          uniq_natasha, uniq_grinder, uniq_crazy_yiuf_cottage
D:4:      layout_rooms, nicolae_uskayaw_suspiria, lemuel_tele_altar,
          serial_shops, shop, dk_noncrumbling_3, dk_noncrumbling_2,
          nicolae_grassy_gnolls, uniq_duvessa, uniq_pikel
D:5:      layout_basic, grunt_temple_overflow_order_and_chaos_2,
          minmay_temple_entry_large_hall, grunt_ministairs_15
D:6:      layout_basic
D:7:      layout_basic, old_standard_altar, tgw_sif, kennysheep_small_circle
D:8:      layout_basic, dpeg_oklobed_lair, hellmonk_ghost_happy_afterlife,
          chequers_serial_rivers_marsh, nicolae_looking_at_the_future
D:9:      layout_cave_pools, mainiacjoe_overflow_cross_hatched, orc_0_dummy,
          ebering_ghost_reflecting_pool, serial_glass, glass_columns_a,
          glass_columns_b, glass_columns_c, glass_columns_b, glass_columns_b,
          glass_columns_b, feat_on_display, feat_on_display, item_on_display_b,
          minmay_strange_pillars, bh_circular_ruins

Skill      XL: |  1  2  3  4  5  6  7  8  9 |
---------------+----------------------------+-----
Axes           | 3 4 5 6 |  6.0
Fighting       | 4 5 6 7 |  7.5
Spellcasting   | 1 2 3 4 |  4.0
Shields        | 4 5 6 |  6.9
Armour         | 4 5 7 |  7.0
Maces & Flails | 3 5 7 |  7.2

Action                     |  1- 3 |  4- 6 |  7- 9 || total
---------------------------+-------+-------+-------++-------
  Melee: War axe           |    44 |   105 |       ||   149
         Mace              |       |       |   261 ||   261
    Use: Potion            |       |     1 |       ||     1
         Scroll            |       |       |     7 ||     7
 Armour: Scale mail        |    17 |    73 |    95 ||   185
         Plate armour      |       |       |   170 ||   170
  Dodge: Dodged            |    25 |    78 |   166 ||   269
  Block: Buckler           |    12 |    28 |    97 ||   137
